 Dungeon Crawl Stone Soup version 0.28.0-43-g3370ac3207 (webtiles) character file.

Game seed: 11624178677957213412

0 jimonade the Sneak (level 1, 0/13 HPs)
             Began as a Gnoll Wanderer on Mar 19, 2022.
             Slain by a quokka (3 damage)
             ... on level 1 of the Dungeon.
             The game lasted 00:01:22 (46 turns).

jimonade the Sneak (Gnoll Wanderer)                   Turns: 46, Time: 00:01:22

Health: 0/13       AC:  3    Str:  9    XL:     1   Next: 10%
Magic:  6/6        EV: 11    Int: 10    God:
Gold:   0          SH:  0    Dex: 14    Spells: 9/9 levels left

rFire   . . .      SeeInvis .   a - +0 dagger
rCold   . . .      Faith    .   (no shield)
rNeg    . . .      Spirit   .   b - +0 robe
rPois   .          Reflect  .   (no helmet)
rElec   .          Harm     .   c - +0 cloak
rCorr   .          Rampage  .   (no gloves)
Will    .....                   (no boots)
Stlth   +++.......              (no amulet)
HPRegen 0.04/turn               (no ring)
MPRegen 0.10/turn               (no ring)

@: no status effects
A: fangs 1, strong nose, distributed training
a: no special abilities


You were on level 1 of the Dungeon.
You visited 1 branch of the dungeon, and saw 1 of its levels.

Inventory:

Hand Weapons
 a - a +0 dagger (weapon)
Armour
 b - a +0 robe (worn)
 c - a +0 cloak (worn)


   Skills:
 + Level 0.0 Fighting
 + Level 0.0 Short Blades
 + Level 0.0 Long Blades
 + Level 0.0 Axes
 + Level 0.0 Maces & Flails
 + Level 0.0 Polearms
 + Level 0.0 Staves
 + Level 0.0 Slings
 + Level 0.0 Bows
 + Level 0.0 Crossbows
 + Level 0.0 Throwing
 + Level 0.0 Armour
 + Level 0.0 Dodging
 + Level 5.8 Stealth
 + Level 0.0 Shields
 + Level 0.0 Unarmed Combat
 + Level 4.8 Spellcasting
 + Level 0.0 Conjurations
 + Level 0.0 Hexes
 + Level 5.3 Summonings
 + Level 0.0 Necromancy
 + Level 0.0 Translocations
 + Level 0.0 Transmutations
 + Level 3.6 Fire Magic
 + Level 0.0 Ice Magic
 + Level 0.0 Air Magic
 + Level 0.0 Earth Magic
 + Level 0.0 Poison Magic
 + Level 0.0 Invocations
 + Level 0.0 Evocations


You had 9 spell levels left.
You didn't know any spells.
Your spell library contained the following spells:

 Spells                   Type           Power      Damage    Failure   Level
 Summon Small Mammal      Summ           52%        N/A       2%          1
 Call Canine Familiar     Summ           13%        N/A       8%          3
 Foxfire                  Conj/Fire      24%        2x1d5     11%         1
 Ignite Poison            Fire/Tmut/Pois 4%         N/A       38%         3
 Animate Armour           Summ/Erth      14%        N/A       61%         4


Dungeon Overview and Level Annotations

Branches:
Dungeon (1/15)

Altars:


Innate Abilities, Weirdness & Mutations

You have very sharp teeth.
Your uncanny sense of smell can sniff out nearby items.
Your experience applies equally to all skills.


Message History

Okay, then.
No target in view!
A frilled lizard comes into view.
Found an escape hatch in the floor.
A quokka comes into view.
The helpless frilled lizard fails to defend itself.
You puncture the frilled lizard!
You kill the frilled lizard!
The quokka bites you. The quokka bites you.
You barely miss the quokka. You bite the quokka, but do no damage.
The quokka bites you but does no damage.
You completely miss the quokka. The quokka bites you.
* * * LOW HITPOINT WARNING * * *
You barely miss the quokka.
The quokka bites you but does no damage.
You hit the quokka but do no damage.
The quokka bites you but does no damage.
You barely miss the quokka. The quokka closely misses you.
The quokka misses you.
You hit the quokka.
The quokka is moderately wounded.
The quokka barely misses you.
You barely miss the quokka.
The quokka is moderately wounded.
The quokka barely misses you.
You closely miss the quokka.
The quokka is moderately wounded.
The quokka closely misses you.
You barely miss the quokka.
The quokka is moderately wounded.
The quokka closely misses you.
You barely miss the quokka.
The quokka is moderately wounded.
The quokka bites you but does no damage.
The quokka completely misses you.
You barely miss the quokka.
The quokka is moderately wounded.
The quokka bites you.
You die...

##....#...
#
#####.###.
#.#...#.#
.#
#.#.#...#
##
#...#####
#.#.#.#
#.#...# #
###.# #@#
#r# #.#
#.>.....#
.......##
####.####
.. ... .##


You could see a quokka.

Vanquished Creatures
  A frilled lizard (D:1)
1 creature vanquished.

Notes
Turn   | Place    | Note
-------+----------+-------------------------------------------
     0 | D:1      | jimonade the Gnoll Wanderer began the quest for the Orb.
     0 | D:1      | jimonade set off with the following items: a +0 dagger, a
                  | +0 robe, a +0 cloak; and the following spells available to
                  | memorise: Summon Small Mammal, Call Canine Familiar,
                  | Foxfire, Ignite Poison, Animate Armour
     0 | D:1      | Reached XP level 1. HP: 13/13 MP: 6/6
    46 | D:1      | Slain by a quokka

Illustrated notes

Levels and vault maps discovered:
D:1:      psy_arrival_radial01, layout_loops_ring,
          dilly_ecumenical_altar_fadedgnrine

Action                   || total
-------------------------++-------
Melee: Dagger            ||    12
       Bite              ||     1
 Stab: Sleeping          ||     1
Armor: Robe              ||     4
Dodge: Dodged            ||     7
